[ AOE2 MATCH · #505232955 ]
UnrankedPortuguese vs Mongols
Rival team · LOSS
[ REPLAY ANALYSIS · EXTRACTED FROM THE RECORDED GAME ]
Feudal
8:56
Castle
—
Imperial
—
| APM avg | 57.6 |
| APM peak | 82 |
| eAPM avg | 29.0 |
| Villagers / military | 40 / 18 |
Focus
⚔️ 40.8% · 🌾 59.2%
Archer ×17 · Skirmisher ×1
Feudal
12:13
Castle
—
Imperial
—
| APM avg | 42.0 |
| APM peak | 73 |
| eAPM avg | 17.8 |
| Villagers / military | 36 / 7 |
Focus
⚔️ 29.8% · 🌾 70.2%
Militia ×4 · Skirmisher ×2 · Archer ×1
Match map
Initial resources + every placement click. Lines = walls · curves = elevation contours. ◆ gold · ⬟ stone · ● berries · ✦ relic · ◌ wall gap
Your base· Open — opponent sealed themselves in
Maximus's base· ✓ Closed at 12:00 · 34t walls · 1 gate(s)
Smoothed initial terrain · ◌ = detected wall gap · hover for details
Inputs per minute
— DraconicAspirant - - Maximus
Build order — DraconicAspirant
120 actions detected in the replay
| 0:01 | Queue | Villager (Male) |
| 0:02 | Queue | Villager (Male) |
| 0:02 | Queue | Villager (Male) |
| 0:02 | Queue | Villager (Male) |
| 0:03 | Build | House |
| 0:05 | Build | House |
| 1:26 | Queue | Villager (Male) |
| 1:59 | Queue | Villager (Male) |
| 2:27 | Build | Lumber Camp |
| 2:34 | Queue | Villager (Male) |
| 2:55 | Queue | Villager (Male) |
| 3:27 | Queue | Villager (Male) |
| 3:27 | Queue | Villager (Male) |
| 3:40 | Build | House |
| 3:50 | Queue | Villager (Male) |
| 3:51 | Queue | Villager (Male) |
| 4:12 | Queue | Villager (Male) |
| 4:18 | Build | Palisade Wall |
| 4:28 | Build | Mill |
| 4:38 | Queue | Villager (Male) |
| 4:56 | Queue | Villager (Male) |
| 5:55 | Queue | Villager (Male) |
| 6:21 | Research | Loom |
| 6:46 | Research | Feudal Age |
| 7:09 | Build | House |
| 7:14 | Build | Palisade Wall |
| 7:16 | Build | Palisade Wall |
| 7:19 | Build | Lumber Camp |
| 7:51 | Build | Barracks |
| 7:58 | Build | Palisade Wall |
| 7:59 | Build | House |
| 8:07 | Build | Palisade Wall |
| 8:15 | Build | Palisade Wall |
| 8:15 | Build | Palisade Wall |
| 8:16 | Build | Palisade Wall |
| 8:24 | Build | Palisade Wall |
| 8:35 | Queue | Villager (Male) |
| 8:56 | Age | Feudal Age |
| 9:04 | Build | Archery Range |
| 9:17 | Queue | Villager (Male) |
| 9:23 | Build | Palisade Gate |
| 9:28 | Queue | Villager (Male) |
| 9:42 | Build | Palisade Wall |
| 9:46 | Build | Palisade Wall |
| 9:48 | Build | Palisade Wall |
| 9:52 | Build | House |
| 9:55 | Queue | Villager (Male) |
| 9:55 | Queue | Villager (Male) |
| 10:00 | Research | Double-Bit Axe |
| 10:03 | Queue | Villager (Male) |
| 10:04 | Queue | Archer |
| 10:12 | Queue | Villager (Male) |
| 10:17 | Build | Mining Camp |
| 10:33 | Queue | Villager (Male) |
| 10:34 | Queue | Villager (Male) |
| 10:37 | Build | House |
| 10:39 | Build | Palisade Wall |
| 10:39 | Build | Palisade Wall |
| 10:39 | Build | Palisade Wall |
| 10:55 | Queue | Skirmisher |
| 11:11 | Queue | Villager (Male) |
| 11:18 | Build | Blacksmith |
| 11:25 | Queue | Archer |
| 11:25 | Queue | Archer |
| 11:27 | Queue | Villager (Male) |
| 11:46 | Queue | Archer |
| 11:51 | Build | Farm |
| 11:53 | Build | Farm |
| 11:55 | Build | Farm |
| 12:04 | Queue | Archer |
| 12:35 | Queue | Villager (Male) |
| 12:36 | Queue | Archer |
| 12:40 | Build | Farm |
| 12:42 | Build | Farm |
| 12:46 | Build | Farm |
| 12:47 | Build | Farm |
| 12:50 | Queue | Villager (Male) |
| 13:09 | Research | Fletching |
| 13:09 | Research | Fletching |
| 13:17 | Build | Farm |
| 13:21 | Build | Farm |
| 13:25 | Build | Farm |
| 13:27 | Queue | Archer |
| 13:28 | Queue | Archer |
| 13:32 | Queue | Villager (Male) |
| 13:32 | Queue | Villager (Male) |
| 13:50 | Build | House |
| 13:53 | Build | House |
| 13:59 | Queue | Archer |
| 13:59 | Queue | Archer |
| 14:00 | Queue | Villager (Male) |
| 14:00 | Queue | Villager (Male) |
| 14:24 | Queue | Villager (Male) |
| 14:26 | Build | Farm |
| 14:28 | Build | House |
| 14:29 | Build | House |
| 14:35 | Build | Farm |
| 14:38 | Build | Farm |
| 14:42 | Queue | Archer |
| 14:42 | Queue | Archer |
| 14:42 | Queue | Archer |
| 15:05 | Queue | Archer |
| 15:05 | Queue | Villager (Male) |
| 15:05 | Queue | Villager (Male) |
| 15:06 | Queue | Villager (Male) |
| 15:21 | Build | Farm |
| 15:23 | Build | Farm |
| 15:27 | Queue | Archer |
| 15:38 | Build | Farm |
| 15:40 | Queue | Villager (Male) |
| 15:53 | Build | House |
| 15:54 | Build | House |
| 16:14 | Queue | Villager (Male) |
| 16:19 | Queue | Villager (Male) |
| 16:35 | Build | House |
| 16:39 | Build | Palisade Wall |
| 16:40 | Build | Palisade Wall |
| 16:42 | Build | Palisade Wall |
| 16:49 | Queue | Archer |
| 16:50 | Queue | Archer |
Build order — Maximus
93 actions detected in the replay
| 0:00 | Queue | Villager (Male) |
| 0:01 | Queue | Villager (Male) |
| 0:01 | Queue | Villager (Male) |
| 0:01 | Queue | Villager (Male) |
| 0:02 | Queue | Villager (Male) |
| 0:03 | Build | House |
| 0:04 | Build | House |
| 1:24 | Queue | Villager (Male) |
| 1:39 | Build | Lumber Camp |
| 2:11 | Queue | Villager (Male) |
| 2:11 | Queue | Villager (Male) |
| 2:11 | Queue | Villager (Male) |
| 2:38 | Queue | Villager (Male) |
| 3:47 | Build | House |
| 4:00 | Queue | Villager (Male) |
| 4:01 | Queue | Villager (Male) |
| 4:01 | Queue | Villager (Male) |
| 4:29 | Build | Barracks |
| 5:03 | Queue | Villager (Male) |
| 5:30 | Queue | Militia |
| 5:33 | Build | House |
| 5:44 | Queue | Militia |
| 5:53 | Queue | Villager (Male) |
| 6:01 | Queue | Militia |
| 6:16 | Queue | Villager (Male) |
| 6:19 | Build | House |
| 6:32 | Build | Palisade Wall |
| 6:40 | Queue | Militia |
| 6:46 | Queue | Villager (Male) |
| 6:59 | Queue | Villager (Male) |
| 7:06 | Queue | Villager (Male) |
| 7:27 | Queue | Villager (Male) |
| 7:50 | Queue | Villager (Male) |
| 8:15 | Build | Mill |
| 8:18 | Build | House |
| 8:34 | Queue | Villager (Male) |
| 9:00 | Build | Mining Camp |
| 9:03 | Queue | Villager (Male) |
| 9:13 | Build | House |
| 9:19 | Build | Palisade Wall |
| 9:20 | Build | Palisade Wall |
| 9:20 | Build | Palisade Wall |
| 9:23 | Queue | Villager (Male) |
| 9:36 | Queue | Villager (Male) |
| 10:03 | Research | Feudal Age |
| 10:07 | Build | House |
| 10:08 | Build | Palisade Wall |
| 10:08 | Build | Palisade Wall |
| 10:29 | Build | Palisade Wall |
| 10:33 | Research | Loom |
| 10:49 | Build | Palisade Gate |
| 11:06 | Queue | Villager (Male) |
| 11:33 | Build | Palisade Wall |
| 11:34 | Build | Palisade Wall |
| 12:13 | Age | Feudal Age |
| 12:18 | Research | Man-at-Arms (upgrade) |
| 12:20 | Queue | Villager (Male) |
| 12:24 | Research | Double-Bit Axe |
| 12:24 | Research | Double-Bit Axe |
| 12:24 | Research | Double-Bit Axe |
| 12:44 | Research | Arson |
| 12:44 | Research | Arson |
| 12:44 | Queue | Villager (Male) |
| 12:52 | Build | Lumber Camp |
| 12:59 | Build | House |
| 13:10 | Build | Farm |
| 13:18 | Queue | Villager (Male) |
| 13:25 | Build | House |
| 13:33 | Build | House |
| 13:39 | Queue | Villager (Male) |
| 13:49 | Build | Farm |
| 13:57 | Build | Farm |
| 14:08 | Build | House |
| 14:10 | Queue | Villager (Male) |
| 14:23 | Build | Farm |
| 14:31 | Build | Archery Range |
| 14:43 | Build | Farm |
| 14:47 | Queue | Villager (Male) |
| 14:51 | Build | Farm |
| 15:09 | Build | Farm |
| 15:11 | Build | Farm |
| 15:35 | Queue | Villager (Male) |
| 15:44 | Build | House |
| 15:48 | Queue | Skirmisher |
| 15:48 | Queue | Skirmisher |
| 15:56 | Queue | Villager (Male) |
| 15:59 | Queue | Archer |
| 16:19 | Build | Market |
| 16:21 | Queue | Villager (Male) |
| 16:35 | Build | House |
| 16:45 | Queue | Villager (Male) |
| 16:48 | Build | Farm |
| 16:50 | Research | Horse Collar |
Match timeline
| 4:18 | DraconicAspirant · wall_segment Palisade Wall x3 |
| 4:29 | Maximus · first_building Barracks |
| 6:32 | Maximus · wall_segment Palisade Wall x13 |
| 7:14 | DraconicAspirant · wall_segment Palisade Wall x1 |
| 7:16 | DraconicAspirant · wall_segment Palisade Wall x6 |
| 7:51 | DraconicAspirant · first_building Barracks |
| 7:58 | DraconicAspirant · wall_segment Palisade Wall x3 |
| 8:07 | DraconicAspirant · wall_segment Palisade Wall x1 |
| 8:15 | DraconicAspirant · wall_segment Palisade Wall x1 |
| 8:15 | DraconicAspirant · wall_segment Palisade Wall x1 |
| 8:16 | DraconicAspirant · wall_segment Palisade Wall x1 |
| 8:24 | DraconicAspirant · wall_segment Palisade Wall x1 |
| 8:56 | DraconicAspirant · age_up feudal |
| 9:04 | DraconicAspirant · first_building Archery Range |
| 9:19 | Maximus · wall_segment Palisade Wall x1 |
| 9:20 | Maximus · wall_segment Palisade Wall x1 |
| 9:20 | Maximus · wall_segment Palisade Wall x1 |
| 9:42 | DraconicAspirant · wall_segment Palisade Wall x1 |
| 9:46 | DraconicAspirant · wall_segment Palisade Wall x3 |
| 9:48 | DraconicAspirant · wall_segment Palisade Wall x1 |
| 10:08 | Maximus · wall_segment Palisade Wall x1 |
| 10:08 | Maximus · wall_segment Palisade Wall x1 |
| 10:29 | Maximus · wall_segment Palisade Wall x14 |
| 10:39 | DraconicAspirant · wall_segment Palisade Wall x1 |
| 10:39 | DraconicAspirant · wall_segment Palisade Wall x1 |
| 10:39 | DraconicAspirant · wall_segment Palisade Wall x1 |
| 11:33 | Maximus · wall_segment Palisade Wall x1 |
| 11:34 | Maximus · wall_segment Palisade Wall x1 |
| 12:13 | Maximus · age_up feudal |
| 14:31 | Maximus · first_building Archery Range |
| 16:39 | DraconicAspirant · wall_segment Palisade Wall x1 |
| 16:40 | DraconicAspirant · wall_segment Palisade Wall x1 |
| 16:42 | DraconicAspirant · wall_segment Palisade Wall x1 |
| 17:14 | Maximus · resign |
[ AI ANALYSIS · 1 CREDIT ]
What really happened in this match?
Wolo.gg analyzes every decision: build order, eco, micro, common mistakes by bracket. Personalized analysis on WhatsApp or Discord in 30 seconds.
Civ guide
Portuguese
Perfil
Jugador #17830690